 Dungeon Crawl Stone Soup version 0.22-a0-433-gd2a9cce (webtiles) character file.

1059 DrEnzyme the Conjurer (level 8, -4/87 HPs)
             Began as a Gnoll Wanderer on May 27, 2018.
             Killed by divine providence
             ... invoked by an orc priest
              (14 damage)
             ... on level 4 of the Dungeon.
             The game lasted 00:20:15 (6463 turns).

DrEnzyme the Conjurer (Gnoll Wanderer)              Turns: 6463, Time: 00:20:15

Health: -4/87      AC:  2    Str: 22    XL:     8   Next: 27%
Magic:  2/14       EV: 13    Int: 13    God:
Gold:   220        SH:  0    Dex: 16    Spells: 3/15 levels left

rFire    . . .     SeeInvis .   w - staff of conjuration
rCold    . . .     Gourm    .   (no shield)
rNeg     . . .     Faith    .   d - +0 robe
rPois    .         Spirit   .   (no helmet)
rElec    .         Reflect  .   (no cloak)
rCorr    .         Harm     .   (no gloves)
MR       .....                  (no boots)
Stlth    ..........             (no amulet)
HPRegen  0.24/turn              (no ring)
MPRegen  0.14/turn              (no ring)

@: berserking, drained, very quick
A: distributed training, fangs 1, strong nose
a: no special abilities


You were on level 4 of the Dungeon.
You were not hungry.

You visited 1 branch of the dungeon, and saw 4 of its levels.

You collected 220 gold pieces.

Inventory:

Hand Weapons
 b - a +0 mace
 p - a +1 whip of draining
 u - a +5 vampiric dagger
Armour
 d - a +0 robe (worn)
Magical Staves
 w - an uncursed staff of conjuration (weapon)
Wands
 m - a wand of clouds (3)
 s - a wand of flame (11)
Scrolls
 c - 7 scrolls of teleportation
 e - a scroll of enchant weapon {unknown}
 g - a scroll of magic mapping {unknown}
 i - a scroll of enchant armour {unknown}
 j - a scroll of amnesia {unknown}
 n - 3 scrolls of remove curse
 r - a scroll of random uselessness {unknown}
 t - a scroll of blinking {unknown}
 v - a scroll of identify {unknown}
Potions
 a - a potion of flight
 h - a potion of resistance {unknown}
 k - 4 potions of brilliance
 l - a potion of lignification {unknown}
 o - a potion of mutation {unknown}
 x - 2 potions of agility {unknown}
Comestibles
 f - 8 rations
 z - 6 chunks of flesh


   Skills:
 + Level 3.0(2.8) Fighting
 + Level 3.0(2.8) Short Blades
 + Level 3.0(2.8) Long Blades
 + Level 3.0(2.8) Axes
 + Level 7.3(7.0) Maces & Flails
 + Level 3.0(2.8) Polearms
 + Level 3.0(2.8) Staves
 + Level 3.0(2.8) Slings
 + Level 3.0(2.8) Bows
 + Level 3.0(2.8) Crossbows
 + Level 4.0(3.8) Throwing
 + Level 3.0(2.8) Armour
 + Level 3.0(2.8) Dodging
 + Level 3.0(2.8) Stealth
 + Level 3.0(2.8) Shields
 + Level 3.0(2.8) Unarmed Combat
 + Level 4.2(4.0) Spellcasting
 + Level 7.6(7.3) Conjurations
 + Level 2.4(2.2) Hexes
 + Level 2.4(2.2) Charms
 + Level 2.4(2.2) Summonings
 + Level 2.4(2.2) Necromancy
 + Level 2.4(2.2) Translocations
 + Level 2.4(2.2) Transmutations
 + Level 2.4(2.2) Fire Magic
 + Level 2.4(2.2) Ice Magic
 + Level 2.4(2.2) Air Magic
 + Level 2.4(2.2) Earth Magic
 + Level 2.4(2.2) Poison Magic
 + Level 3.3(3.1) Invocations
 + Level 4.0(3.8) Evocations


You had 3 spell levels left.
You knew the following spells:

 Your Spells              Type           Power        Failure   Level  Hunger
a - Magic Dart            Conj           ####         1%          1    None
b - Searing Ray           Conj           ####..       1%          2    ##.....
c - Iskenderun's Mystic   Conj           ####....     10%         4    ####...
d - Force Lance           Conj/Tloc      ###.....     28%         4    ####...
e - Animate Skeleton      Necr           N/A          9%          1    None

Your spell library contained the following spells:

 Spells                   Type           Power        Failure   Level  Hunger
 Apportation              Tloc           #.....       9%          1    None
 Summon Small Mammal      Summ           #...         9%          1    None
 Confusing Touch          Hex            #.....       9%          1    None
 Fulminant Prism          Conj/Hex       ###.......   28%         4    ####...
 Dazzling Spray           Conj/Hex       ###...       9%          3    ###....


Dungeon Overview and Level Annotations

Branches:
Dungeon (4/15)
 Temple: D:4-7

Altars:
Ashenzari
Gozag
Ru
Wu Jian
Zin
The Shining One


Innate Abilities, Weirdness & Mutations

Your experience applies equally to all skills.
You have very sharp teeth.
Your uncanny sense of smell can sniff out nearby items.


Message History

The orc priest is lightly wounded.
The orc priest closely misses you. The iguana misses you.
You hit the iguana but do no damage.
The iguana is almost dead.
The orc priest barely misses you. The iguana closely misses you.
Casting: Magic Dart (safe; 1% risk of failure)
Confirm with . or Enter, or press ? or * to list all spells.
Aiming: Magic Dart (safe; 1% risk of failure)
Press: ? - help, Shift-Dir - straight line, f/p - iguana
Aim: an iguana (almost dead)
You feel a surge of power!
The magic dart hits the iguana.
The iguana is almost dead.
The orc priest hits you with a hand axe!
The iguana bites you!
* * * LOW HITPOINT WARNING * * *
A red film seems to cover your vision as you go berserk!
You feel yourself moving faster!
You feel mighty!
The orc priest mumbles some strange prayers to Beogh against you.
Beogh smites you!
You die...

....### #............#
......##
##..........##
.).....###
#........###
.........####......###
...........##....###
............#.####
.........###..### .
....>...## ##..)###
##... ........#
###.@l######......
(......##
###o.##...o.)...
.......#
##.).รท##......
#.....## ##.### .....
#.....# #..# .S..
#....## #..#


o.o #....# ##.## oo #...## #).# . #...# #[## You could see an iguana and an orc
priest.

Vanquished Creatures
  The ghost of Vlans the Firebug, an amateur DrFE (D:4)
  A sky beast (D:2)
  An ogre (D:4)
  Blork the orc (D:4)
  A scorpion (D:4)
  2 wights (D:4)
  2 hounds (D:4)
  4 orc priests
  An orc wizard (D:4)
  A bullfrog skeleton (D:3)
  Jessica (D:3)
  3 worker ants (D:4)
  11 adders
  3 shadow imps (D:3)
  2 oozes
  5 worms
  A dart slug (D:1)
  5 leopard geckos
  5 orcs
  7 bats
  3 giant cockroaches
  16 goblins
  4 hobgoblins
  5 ball pythons
  9 frilled lizards
  9 kobolds
  A leopard gecko skeleton (D:4)
  3 rats
108 creatures vanquished.

Notes
Turn   | Place    | Note
-------+----------+-------------------------------------------
     0 | D:1      | DrEnzyme the Gnoll Wanderer began the quest for the Orb.
     0 | D:1      | DrEnzyme set off with: a +0 mace, a scroll of teleportation, a +0 robe, a ration
     0 | D:1      | Reached XP level 1. HP: 13/13 MP: 4/4
    13 | D:1      | Learned a level 1 spell: Magic Dart
   244 | D:1      | Reached XP level 2. HP: 19/19 MP: 3/5
   709 | D:1      | Reached XP level 3. HP: 25/25 MP: 5/7
   749 | D:1      | Learned a level 2 spell: Searing Ray
  1237 | D:2      | Reached skill level 1 in Invocations
  1478 | D:2      | Found an ornate altar of the Wu Jian Council.
  1496 | D:2      | Reached skill level 1 in Fighting
  1496 | D:2      | Reached skill level 1 in Short Blades
  1496 | D:2      | Reached skill level 1 in Long Blades
  1496 | D:2      | Reached skill level 1 in Axes
  1496 | D:2      | Reached skill level 1 in Polearms
  1496 | D:2      | Reached skill level 1 in Staves
  1496 | D:2      | Reached skill level 1 in Slings
  1496 | D:2      | Reached skill level 1 in Bows
  1496 | D:2      | Reached skill level 1 in Crossbows
  1496 | D:2      | Reached skill level 1 in Armour
  1496 | D:2      | Reached skill level 1 in Dodging
  1496 | D:2      | Reached skill level 1 in Stealth
  1496 | D:2      | Reached skill level 1 in Shields
  1496 | D:2      | Reached skill level 1 in Unarmed Combat
  1543 | D:2      | Reached XP level 4. HP: 31/32 MP: 4/8
  1877 | D:2      | Found an opulent altar of Gozag.
  2203 | D:2      | Found a glowing golden altar of the Shining One.
  2304 | D:3      | Noticed a sky beast
  2320 | D:2      | Killed a sky beast
  2320 | D:2      | Reached skill level 1 in Hexes
  2320 | D:2      | Reached skill level 1 in Charms
  2320 | D:2      | Reached skill level 1 in Summonings
  2320 | D:2      | Reached skill level 1 in Necromancy
  2320 | D:2      | Reached skill level 1 in Translocations
  2320 | D:2      | Reached skill level 1 in Transmutations
  2320 | D:2      | Reached skill level 1 in Fire Magic
  2320 | D:2      | Reached skill level 1 in Ice Magic
  2320 | D:2      | Reached skill level 1 in Air Magic
  2320 | D:2      | Reached skill level 1 in Earth Magic
  2320 | D:2      | Reached skill level 1 in Poison Magic
  2320 | D:2      | Reached XP level 5. HP: 19/37 MP: 1/9
  2599 | D:3      | Reached XP level 6. HP: 40/44 MP: 3/10
  2703 | D:3      | Noticed Jessica
  2705 | D:3      | Killed Jessica
  2842 | D:3      | Found a transporter.
  2845 | D:3      | Found a transporter.
  2937 | D:3      | Found a glowing silver altar of Zin.
  2941 | D:3      | Found a sacrificial altar of Ru.
  3328 | D:3      | Learned a level 4 spell: Iskenderun's Mystic Blast
  3333 | D:3      | Learned a level 4 spell: Force Lance
  3529 | D:4      | Reached XP level 7. HP: 15/50 MP: 3/12
  3912 | D:4      | Noticed Vlans's ghost (amateur DrFE)
  4178 | D:4      | HP: 2/50 [Vlans's ghost/flame tongue (8)]
  5328 | D:4      | Killed Vlans's ghost
  5572 | D:4      | Learned a level 1 spell: Animate Skeleton
  5580 | D:4      | Noticed Blork the orc
  5586 | D:4      | Killed Blork the orc
  5834 | D:4      | Found a shattered altar of Ashenzari.
  6056 | D:4      | Reached XP level 8. HP: 10/57 MP: 4/14
  6463 | D:4      | Killed from afar by an orc priest

Vault maps used:
D:1:      lightli_arrival_flooded_house
D:2:      nicolae_overflow_crystal_walls, old_standard_altar, marbit_many_paths,
          first_ration
D:3:      gammafunk_wand_slinger, grunt_temple_overflow_open, uniq_jessica
D:4:      kennysheep_mini, uniq_blork_the_orc

Skill      XL: |  1  2  3  4  5  6  7  8 |
---------------+-------------------------+-----
Invocations    | 1 2 3 |  3.3
Fighting       | 1 2 3 |  3.0
Short Blades   | 1 2 3 |  3.0
Long Blades    | 1 2 3 |  3.0
Axes           | 1 2 3 |  3.0
Polearms       | 1 2 3 |  3.0
Staves         | 1 2 3 |  3.0
Slings         | 1 2 3 |  3.0
Bows           | 1 2 3 |  3.0
Crossbows      | 1 2 3 |  3.0
Armour         | 1 2 3 |  3.0
Dodging        | 1 2 3 |  3.0
Stealth        | 1 2 3 |  3.0
Shields        | 1 2 3 |  3.0
Unarmed Combat | 1 2 3 |  3.0
Spellcasting   | 3 4 |  4.2
Throwing       | 3 4 |  4.0
Hexes          | 1 2 |  2.4
Charms         | 1 2 |  2.4
Summonings     | 1 2 |  2.4
Necromancy     | 1 2 |  2.4
Translocations | 1 2 |  2.4
Transmutations | 1 2 |  2.4
Fire Magic     | 1 2 |  2.4
Ice Magic      | 1 2 |  2.4
Air Magic      | 1 2 |  2.4
Earth Magic    | 1 2 |  2.4
Poison Magic   | 1 2 |  2.4
Evocations     | 3 4 |  4.0
Maces & Flails | 7 |  7.3
Conjurations   | |  7.6

Action                   |  1- 3 |  4- 6 |  7- 9 || total
-------------------------+-------+-------+-------++-------
Melee: Mace              |    19 |     8 |       ||    27
       Bite              |     1 |     4 |     2 ||     7
       Whip              |       |    23 |       ||    23
       Staff             |       |     3 |     9 ||    12
       Punch             |       |       |     1 ||     1
 Cast: Magic Dart        |    59 |    80 |    66 ||   205
       Searing Ray       |       |     2 |    11 ||    13
       Iskenderun's Myst |       |     3 |     2 ||     5
Evoke: Wand              |       |     1 |     5 ||     6
  Use: Potion            |       |     3 |     1 ||     4
       Scroll            |       |     1 |       ||     1
 Stab: Sleeping          |       |     1 |       ||     1
  Eat: Chunk             |     3 |     6 |     6 ||    15
       Ration            |       |       |     2 ||     2
Armor: Robe              |     5 |     9 |     3 ||    17
Dodge: Dodged            |     2 |    24 |    30 ||    56

Table legend:
 A = Spawn XP
 B = Non-spawn XP
 C = Spawn XP percentage of total XP
 D = Spawn monster count
 E = Non-spawn monster count
 F = Spawn count percentage of total count
 G = Total turns spent on level
                    A         B        C        D         E        F      G
               +---------+---------+-------+---------+---------+-------+---------
         Total |       0 |    1514 |   0.0 |       0 |     108 |   0.0 |  6463
               +---------+---------+-------+---------+---------+-------+---------
           D:1 |       0 |      51 |   0.0 |       0 |      28 |   0.0 |  1569
           D:2 |       0 |     199 |   0.0 |       0 |      18 |   0.0 |   863
           D:3 |       0 |     294 |   0.0 |       0 |      31 |   0.0 |  2579
           D:4 |       0 |     970 |   0.0 |       0 |      31 |   0.0 |  1452
               +---------+---------+-------+---------+---------+-------+---------
